Cogmind - Beta 9.6 @@@ ROGUE MODE // 2020.06.28 @ 02:52:19 Player: Kenzurith Result: Destroyed by Tracker with Linked Autogun Performance ------------- Evolutions (8) 4000 Regions Visited (23) 4600 Robots Destroyed (379) 1895 Value Destroyed (20239) 20239 Prototype IDs (254) 5080 Alien Tech Used (2) 400 Bonus (13836) 13836 TOTAL SCORE: 50050 Bonus ------- High Alert Combat Kills 5353 Follower Combat Kills 1534 Aligned with FarCom 300 Met Data Miner 300 Used Data Conduit 3000 Met Imprinter 300 Was Imprinted 300 Scanned by Researcher 500 Pursued by Intercept 2500 Friendly Fire -251 Cogmind --------- Core Integrity 0/1450 Matter 269/300 Energy 98/100 System Corruption 41% Temperature Cool (0) Movement Core (50) Location -2/Research Parts ------- > --- POWER (2) -------- (None) > --- PROPULSION (4) --- (None) > --- UTILITY (14) ----- Experimental Coolant Injector Experimental Coolant Injector Experimental Coolant Injector Advanced Signal Interpreter Advanced Target Analyzer > --- WEAPON (3) ------- (None) > --- INVENTORY (4) ---- Advanced Coolant Injector Experimental Energy Well (1000) Improved Potential Cannon Peak State ------------ > --- POWER ------------ Reinforced Antimatter Reactor Light Quantum Reactor > --- PROPULSION ------- Myomer Leg Myomer Leg Biometal Leg Biometal Leg > --- UTILITY ---------- Advanced Heat Sink Advanced Heat Sink Experimental Cooling System Large Storage Unit High-capacity Storage Unit High-capacity Storage Unit Improved Energy Well Advanced Signal Interpreter Experimental Targeting Computer Advanced Target Analyzer Advanced Target Analyzer Advanced Phase Shifter Advanced Thermal Shield Advanced Shield Generator > --- WEAPON ----------- Cooled Phase Gun Quantum Rifle Heavy Quantum Rifle > --- INVENTORY -------- Light Antimatter Reactor Reinforced Antimatter Reactor Light Quantum Reactor Improved Quantum Reactor Armored Huge Wheel Advanced Coolant Injector Experimental Energy Well Improved Matter Compressor Long-range Sensor Array Advanced Phase Shifter Experimental Thermal Defense Suite AEGIS Remote Shield Transdimensional Reconstructor Gamma Rifle Nova Cannon Enhanced Nova Cannon Null Cannon Improved Potential Cannon Improved Potential Cannon Coil Gun KE Penetrator Neutron Missile Launcher [Rating: 170] Favorites ----------- Power Heavy Deuterium Engine Engine Heavy Deuterium Engine Power Core Light Fission Core Reactor Zionite Heavy DM Reactor Propulsion Armored Treads Treads Armored Treads Leg Myomer Leg Wheel Armored Wheel Hover Unit Antigrav System Flight Unit Nuclear Pulse Thruster Utility Experimental Targeting Computer Device Advanced Heat Sink Storage High-capacity Storage Unit Processor Experimental Targeting Computer Hackware Advanced Hacking Suite Protection Hardened Medium Armor Plating Weapon Gauss Rifle Energy Gun Small Laser Energy Cannon Heavy Ion Cannon Ballistic Gun Gauss Rifle Ballistic Cannon Light Cannon Launcher Mini Grenade Launcher Build | -11 -10 -10 -10 -9 -8 -7 -7 -7 -6 -6 -6 -6 -6 -5 -5 -4 -4 -4 -4 -3 -3 -3 -2 ------- Run | Scr Mat Min Exi Min Mat Fac Low Dat Pro Fac Low Low Zio Pro Fac Fac Upp Upp Zhi Pro Res Tes Res Slots Evolved 16 | . . . . . 4 2 . . . 2 . . . . 2 2 . . . . 2 . 2 Power 1 | . . . . . . . . . . . . . . . . . . . . . . . 1 Propulsion 2 | . . . . . 1 . . . . . . . . . . . . . . . 1 . . Utility 12 | . . . . . 3 2 . . . 2 . . . . 2 2 . . . . 1 . . Weapon 1 | . . . . . . . . . . . . . . . . . . . . . . . 1 Parts Attached 467 | 6 11 2 1 . 52 50 1 10 12 27 5 10 4 16 37 41 1 18 3 8 4 88 60 Power 43 | 1 2 1 . . 4 8 . . 1 . . . . 3 2 2 . 2 . 1 . 7 9 Engine 18 | 1 2 1 . . 4 7 . . 1 . . . . 2 . . . . . . . . . Core 2 | . . . . . . 1 . . . . . . . 1 . . . . . . . . . Reactor 23 | . . . . . . . . . . . . . . . 2 2 . 2 . 1 . 7 9 Propulsion 72 | 2 2 . . . 14 2 . 2 1 3 . . . 7 8 6 . . . 2 1 13 9 Treads 29 | 2 . . . . 8 2 . 2 1 3 . . . 3 1 . . . . . . 3 4 Leg 26 | . . . . . . . . . . . . . . . 3 6 . . . 2 1 10 4 Wheel 8 | . 2 . . . 5 . . . . . . . . . . . . . . . . . 1 Hover 2 | . . . . . . . . . . . . . . . 2 . . . . . . . . Flight 7 | . . . . . 1 . . . . . . . . 4 2 . . . . . . . . Utility 208 | 1 5 1 1 . 17 26 1 4 4 15 3 7 2 4 24 25 1 12 1 1 3 29 21 Device 125 | . . . . . 8 9 1 2 2 8 2 4 2 1 18 20 1 9 . . 1 17 20 Storage 20 | 1 2 1 1 . 1 . . 1 . . . 1 . 2 2 1 . . . . 2 4 1 Processor 18 | . . . . . 1 1 . . 1 3 . 1 . . 3 2 . 1 . . . 5 . Hackware 2 | . . . . . . . . . . . . . . . . . . . 1 . . 1 . Protection 43 | . 3 . . . 7 16 . 1 1 4 1 1 . 1 1 2 . 2 . 1 . 2 . Artifact . | . . . . . . . . . . . . . . . . . . . . . . . . Weapon 144 | 2 2 . . . 17 14 . 4 6 9 2 3 2 2 3 8 . 4 2 4 . 39 21 Energy Gun 23 | 1 . . . . 1 1 . . 1 1 . . . . 1 1 . 1 1 . . 5 9 Energy Cannon 20 | . . . . . 7 3 . 2 . 1 . 1 . . . 1 . . . . . 1 4 Ballistic Gun 73 | 1 . . . . 9 8 . 1 3 6 1 2 2 2 1 4 . 3 1 3 . 20 6 Ballistic Cannon 14 | . 2 . . . . . . . . . . . . . 1 1 . . . . . 8 2 Launcher 14 | . . . . . . 2 . 1 2 1 1 . . . . 1 . . . 1 . 5 . Special Weapon . | . . . . . . . . . . . . . . . . . . . . . . . . Impact Weapon . | . . . . . . . . . . . . . . . . . . . . . . . . Slashing Weapon . | . . . . . . . . . . . . . . . . . . . . . . . . Piercing Weapon . | . . . . . . . . . . . . . . . . . . . . . . . . Special Melee Weapon . | . . . . . . . . . . . . . . . . . . . . . . . . Unidentified Prototypes 25 | . . . . . 3 3 . . . . . . 1 . 5 3 . . 1 . . 8 1 Parts Lost 126 | . 1 . . . . 1 . 4 7 9 2 8 . . 12 8 . 5 . 3 . 22 44 Power 11 | . 1 . . . . . . . 1 . . 1 . . . 1 . 1 . . . 1 5 Propulsion 25 | . . . . . . . . 2 2 3 . 1 . . 3 1 . . . 2 . 4 7 Utility 56 | . . . . . . 1 . 1 3 3 2 4 . . 6 4 . 3 . . . 10 19 Weapon 34 | . . . . . . . . 1 1 3 . 2 . . 3 2 . 1 . 1 . 7 13 Highest Loss Streak 20 | . 1 . . . . 1 . 4 7 4 2 8 . . 4 6 . 5 . 2 . 10 20 Average Slot Usage (%) 86 | . 97 100 93 85 89 91 92 88 77 88 79 63 65 87 98 98 94 94 95 98 94 90 75 Engine 3 | . 14 14 14 14 9 6 7 7 7 6 6 . . . 3 . . . . . . . . Reactor 1 | . . . . . . . . . . . . . . . 1 5 5 4 5 4 4 3 7 Treads 7 | . 15 . . . 17 23 23 20 9 15 6 . . 3 10 . . . . . . 4 1 Leg 4 | . . . . . . . . . . . . . . . 1 14 15 15 15 13 19 11 6 Wheel 2 | . 12 28 28 28 9 . . . . . . . . . . . . . . . . . 1 Device 17 | . . . . . 8 15 30 26 22 22 19 23 25 25 17 23 25 19 15 15 9 18 16 Storage 9 | . 16 28 22 14 9 7 7 6 7 6 6 . . 2 9 11 10 10 10 10 13 17 15 Processor 18 | . . . . . 9 6 . . 6 15 20 25 26 26 32 27 31 31 36 36 28 22 15 Protection 4 | . 9 . . . 9 14 7 10 7 6 5 . . 2 2 3 . 3 . . 4 2 . Energy Gun 1 | . 9 . . . . . . . 3 . . . . . 1 . . . . . . . 5 Ballistic Gun 9 | . 14 14 14 14 14 14 7 6 10 11 11 12 12 13 8 4 5 6 9 9 9 4 1 Ballistic Cannon 1 | . 4 14 14 14 1 . . . . . . . . . . 3 . . . . . . 1 Naked Turns . | . . . . . . . . . . . . . . . . . . . . . . . . Heaviest Build 162 | 12 50 50 90 90 129 136 118 125 125 128 122 122 12 56 120 110 94 102 90 111 127 150 162 Greatest Support 160 | 40 40 24 24 24 60 60 60 64 64 66 22 22 3 40 67 81 68 68 68 70 95 140 160 Greatest Overweight (x) 7 | . 2 2 3 3 4 2 1 2 4 4 5 5 3 3 7 3 1 1 1 4 1 4 4 Average Overweight (x) 1 | . . 2 2 3 1 1 1 1 3 1 4 3 2 . 1 1 1 1 1 1 1 1 1 Largest Inventory Capacity 32 | 6 16 16 24 24 32 24 24 24 24 24 24 24 4 12 20 20 20 20 20 20 26 26 26 Average Capacity 18 | 5 7 16 18 24 24 24 24 21 24 24 24 4 4 6 18 20 20 20 20 20 25 26 20 Most Carried 26 | 6 16 16 24 24 24 24 24 24 19 24 24 24 4 12 20 20 20 20 19 20 25 26 26 Average Carried 17 | 2 7 15 16 24 23 23 23 18 14 22 23 4 3 5 17 19 20 19 17 19 21 24 18 Final Capacity 26 | 6 16 16 24 24 24 24 24 24 24 24 24 4 4 12 20 20 20 20 20 20 26 26 4 Final Carried 24 | 6 16 16 24 24 24 24 24 19 17 24 24 4 4 12 20 20 20 16 19 20 24 24 4 Class Distribution -------------------- 30% | Hauler-Mutant 27% | Messiah-Mutant 13% | Messiah-Skirmisher 11% | Mutant 8% | Skirmisher 3% | Messiah-Gunner Dominant Class ---------------- Mutant | -10/Materials Mutant | -10/Mines Mutant | -10/Exiles Hauler-Mutant | -9/Mines Hauler-Mutant | -8/Materials Hauler-Mutant | -7/Factory Hauler-Mutant | -7/Lower Caves Hauler-Mutant | -7/Data Miner Hauler-Mutant | -6/Proximity Caves Hauler-Mutant | -6/Factory Hauler-Mutant | -6/Lower Caves Mutant | -6/Lower Caves Skirmisher | -6/Zion Messiah-Skirmisher | -5/Proximity Caves Messiah-Skirmisher | -5/Factory Messiah-Mutant | -4/Factory Messiah-Mutant | -4/Upper Caves Messiah-Mutant | -4/Upper Caves Messiah-Skirmisher | -4/Zhirov Messiah-Skirmisher | -3/Proximity Caves Messiah-Mutant | -3/Research Messiah-Mutant | -3/Testing Messiah-Gunner | -2/Research Resources | -11 -10 -10 -10 -9 -8 -7 -7 -7 -6 -6 -6 -6 -6 -5 -5 -4 -4 -4 -4 -3 -3 -3 -2 ----------- Run | Scr Mat Min Exi Min Mat Fac Low Dat Pro Fac Low Low Zio Pro Fac Fac Upp Upp Zhi Pro Res Tes Res Matter Collected 14404 | 157 413 47 50 10 1045 1291 17 171 507 841 130 161 80 276 831 1237 171 817 190 363 . 3657 1942 Remotely . | . . . . . . . . . . . . . . . . . . . . . . . . Salvage Created 19586 | . 522 . . . 1428 2738 17 194 635 1188 25 134 . 148 1522 1318 155 960 221 140 . 3872 4369 Parts 890 | . 27 . . . 79 156 4 1 26 52 1 6 . 10 81 42 4 51 1 12 . 173 164 Haulers Intercepted 6 | . 1 . . . 1 2 . . . . . . . . . . . . . . . . 2 Recyclers Shooed 25 | . . . . . 1 . . . . 2 . . . . 8 6 . . . . . . 8 Parts Field Recycled . | . . . . . . . . . . . . . . . . . . . . . . . . Retrieved Matter . | . . . . . . . . . . . . . . . . . . . . . . . . Parts Self-Destructed 111 | . . . . . . . 8 . 35 . 1 6 . 3 . . 4 34 . 20 . . . Prevented 2 | . . . . . . . . . . . . . . 2 . . . . . . . . . Kills | -11 -10 -10 -10 -9 -8 -7 -7 -7 -6 -6 -6 -6 -6 -5 -5 -4 -4 -4 -4 -3 -3 -3 -2 ------- Run | Scr Mat Min Exi Min Mat Fac Low Dat Pro Fac Low Low Zio Pro Fac Fac Upp Upp Zhi Pro Res Tes Res Combat Hostiles Destroyed 292 | . 13 . . . 23 47 1 4 16 17 4 2 . 2 21 15 2 16 . 4 . 60 45 Guns 201 | . 9 . . . 18 35 . 1 5 13 1 1 . 2 19 8 2 16 . 3 . 42 26 Cannons 46 | . 4 . . . 5 5 1 . 2 1 . 1 . . 2 5 . . . . . 6 14 AOE 42 | . . . . . . 7 . 3 9 3 3 . . . . . . . . 1 . 12 4 Classes Destroyed 20 | . 4 . . . 6 4 1 . . . . . . 1 . 1 . . . . . 2 1 Worker 22 | . . . . . 2 5 . . . 2 . . . . 3 2 . . . . . 5 3 Builder 22 | . . . . . 2 2 . . . . . . . . . 3 . . . . . 10 5 Tunneler 1 | . . . . . . 1 . . . . . . . . . . . . . . . . . Hauler 6 | . 1 . . . 1 2 . . . . . . . . . . . . . . . . 2 Recycler 25 | . . . . . 3 4 . . . 3 . . . . 3 1 . . . . . 1 10 Mechanic 3 | . . . . . . . . . . . . . . . . . . . . . . 3 . Operator 3 | . 1 . . . 1 1 . . . . . . . . . . . . . . . . . Watcher 3 | . . . . . 1 . . . . . . . . . . . . . . . . 1 1 Swarmer 40 | . 3 . . . 3 6 . . 6 3 4 . . . 5 . . . . 2 . 1 7 Saboteur 1 | . . . . . . . . . . . . . . . . 1 . . . . . . . Grunt 100 | . 10 . . . 8 27 . . 3 3 . . . 1 4 3 1 6 . . . 20 14 Brawler 8 | . . . . . . 1 . . 3 . . . . . . . . 1 . . . 2 1 Duelist 7 | . . . . . . 2 . . 2 . . . . . . 1 . 1 . . . 1 . Researcher 1 | . . . . . . . . . . . . . . . . . . . . . . 1 . Sentry 27 | . . . . . 9 7 . . 1 3 . . . . 1 1 1 1 . . . . 3 Hunter 28 | . . . . . 3 . . . . 2 . 2 . . 1 2 . 2 . . . 10 6 Programmer 41 | . . . . . . 4 . . 1 4 . . . . 8 3 . 1 . 1 . 10 9 Behemoth 1 | . . . . . . . . . . . . . . . . . . . . . . . 1 Enhanced Grunt 4 | . . . . . . . . 4 . . . . . . . . . . . . . . . Tracker 14 | . . . . . . . . . . 1 . . . . 1 2 . . . . . 8 2 Combat Programmer 14 | . . . . . . . . . . 1 . . . . 1 2 . . . . . 8 2 Master Thief 7 | . . . . . . . 1 . . . . . . 1 . . . 4 . 1 . . . Mutant 1 | . . . . . . . . . . . . . . 1 . . . . . . . . . Best Kill Streak 15 | . 3 . . . 6 8 1 4 8 4 4 1 . 1 8 8 1 5 . 2 . 15 7 Combat Bots Only 8 | . 3 . . . 5 7 1 4 8 3 4 1 . 1 7 4 1 5 . 2 . 7 6 Max Kills in Single Turn 4 | . 2 . . . 1 3 1 2 4 3 3 1 . 1 2 1 1 1 . 1 . 3 3 Gunslinging 1 | . . . . . . . . . . . . . . . 1 . . . . . . . 1 Exploded 3 | . . . . . . 2 . 2 3 2 3 . . . . . . . . 1 . 2 2 Melee . | . . . . . . . . . . . . . . . . . . . . . . . . Uniques/NPCs Destroyed . | . . . . . . . . . . . . . . . . . . . . . . . . Combat | -11 -10 -10 -10 -9 -8 -7 -7 -7 -6 -6 -6 -6 -6 -5 -5 -4 -4 -4 -4 -3 -3 -3 -2 -------- Run | Scr Mat Min Exi Min Mat Fac Low Dat Pro Fac Low Low Zio Pro Fac Fac Upp Upp Zhi Pro Res Tes Res Damage Taken 27355 | . 533 . . . 700 1748 5 939 749 1485 195 675 . 186 2747 1569 88 916 . 417 . 5756 8647 Core 3600 | . 128 . . . 54 167 . 111 92 63 14 78 . 67 323 228 . 163 . 25 . 665 1422 Absorbed by Shields 4151 | . . . . . 205 652 2 119 223 216 . . . . 128 . . . . . . 2089 517 Reduced by Siege Mode 1508 | . . . . . . . . . . . . . . . . . . . . . . 261 1247 Core Remaining (%) 67 | 100 . . . 48 90 . . . 47 . . . . 73 67 . . . . 63 . 48 . Volleys Fired 1099 | . 52 . . . 80 112 7 13 25 70 6 14 . 15 93 77 10 71 6 14 . 267 167 Largest 3 | . 2 . . . 2 2 2 1 2 2 2 2 . 2 2 2 1 2 1 2 . 2 3 Hottest 245 | . 60 . . . 120 93 93 63 110 108 58 88 . 56 88 90 30 100 65 66 . 129 245 Shots Fired 1859 | . 102 . . . 140 219 14 13 48 138 13 23 . 30 150 119 12 92 7 25 . 313 401 Gun 1476 | . 83 . . . 98 199 7 3 39 115 10 17 . 30 136 75 12 92 7 24 . 244 285 Cannon 343 | . 19 . . . 42 15 7 2 4 19 . 6 . . 14 44 . . . . . 55 116 Launcher 40 | . . . . . . 5 . 8 5 4 3 . . . . . . . . 1 . 14 . Special . | . . . . . . . . . . . . . . . . . . . . . . . . Kinetic 1419 | . 71 . . . 113 199 7 3 27 114 10 17 . 30 142 110 12 90 1 24 . 279 170 Thermal 342 | . 31 . . . 27 15 7 . 16 20 . 6 . . 8 . . . . . . 20 192 Explosive 40 | . . . . . . 5 . 8 5 4 3 . . . . . . . . 1 . 14 . Electromagnetic 58 | . . . . . . . . 2 . . . . . . . 9 . 2 6 . . . 39 Robot Hit Streak 71 | . 7 . . . 33 33 4 10 13 55 3 10 . 11 31 24 28 50 7 11 . 71 28 Robot Miss Streak 9 | . 2 . . . 6 7 3 1 5 9 2 1 . 4 2 2 . 2 . 1 . 4 3 Penetration Max 3 | . . . . . 1 1 . . . . . . . 1 1 3 . 1 . . . 1 1 Secondary Targets 19 | . . . . . 1 3 . . . 1 . . . . 2 1 . 1 . 1 . 1 8 Max Gunslinging Chain 2 | . . . . . 1 1 . . . 1 . . . . 1 1 . 1 . 1 . 1 2 Shots Hit Robots 1492 | . 74 . . . 95 173 12 10 39 125 7 20 . 16 133 104 11 84 6 18 . 262 303 Core Hits 1068 | . 26 . . . 95 182 5 23 47 126 7 6 . 6 63 63 8 51 4 12 . 219 125 Critical Hits 138 | . . . . . . 3 1 . . . . . . 1 8 40 1 6 . 4 . 42 32 Critical Kills 41 | . . . . . . 1 . . . . . . . . 5 7 . 3 . 2 . 12 11 Critical Parts Destroyed 65 | . . . . . . 2 1 . . . . . . . 1 22 . 3 . 2 . 16 18 Melee Attacks . | . . . . . . . . . . . . . . . . . . . . . . . . Impact . | . . . . . . . . . . . . . . . . . . . . . . . . Slashing . | . . . . . . . . . . . . . . . . . . . . . . . . Piercing . | . . . . . . . . . . . . . . . . . . . . . . . . Sneak Attacks . | . . . . . . . . . . . . . . . . . . . . . . . . Combat Hostiles . | . . . . . . . . . . . . . . . . . . . . . . . . Follow-up Attacks . | . . . . . . . . . . . . . . . . . . . . . . . . Damage Inflicted 52883 | . 1015 . . . 2290 4580 234 1051 1647 3159 541 340 . 426 3883 2559 493 2829 229 621 . 14908 12078 Guns 32699 | . 772 . . . 1410 3529 69 68 661 2079 136 240 . 421 3346 1158 493 2829 134 564 . 8356 6434 Cannons 10746 | . 243 . . . 876 309 165 17 115 261 . 100 . . 512 1401 . . . . . 2390 4357 Explosions 9326 | . . . . . . 742 . 959 871 782 405 . . . . . . . 95 57 . 4162 1253 Melee . | . . . . . . . . . . . . . . . . . . . . . . . . Ramming 112 | . . . . . 4 . . 7 . 37 . . . 5 25 . . . . . . . 34 Kinetic 32994 | . 792 . . . 1528 3529 69 68 435 2064 136 240 . 421 3658 2312 493 2774 . 564 . 9999 3912 Thermal 11153 | . 223 . . . 758 319 165 . 341 613 . 100 . . 200 . . . 95 . . 747 7592 Explosive 7580 | . . . . . . 681 . 959 871 445 405 . . . . . . . . 57 . 4162 . Electromagnetic 1044 | . . . . . . 51 . 17 . . . . . . . 247 . 55 134 . . . 540 Impact . | . . . . . . . . . . . . . . . . . . . . . . . . Slashing . | . . . . . . . . . . . . . . . . . . . . . . . . Piercing . | . . . . . . . . . . . . . . . . . . . . . . . . Highest Corruption 41 | . . . . . . 1 1 1 7 7 7 7 7 . 23 7 7 7 7 8 . 36 41 Average Corruption 9 | . . . . . . 1 1 1 6 5 7 7 7 . 10 6 7 7 7 7 . 14 25 Corruption Purged . | . . . . . . . . . . . . . . . . . . . . . . . . Effects 552 | . . . . . . 4 2 1 34 18 22 31 6 . 73 10 13 40 12 15 . 136 135 Message Errors 86 | . . . . . . 2 2 1 10 4 6 10 . . 7 . 2 9 1 4 . 15 13 Matter Fused 74 | . . . . . . . . . 7 3 1 8 3 . 11 2 3 8 3 2 . 12 11 Heat Flow Errors 40 | . . . . . . . . . 1 . 6 4 1 . 4 2 1 3 3 2 . 7 6 Energy Discharges 43 | . . . . . . 1 . . 4 2 2 5 . . 8 2 2 5 . 2 . 9 1 Parts Rejected 6 | . . . . . . . . . . 1 . . . . . . . 2 . . . 2 1 Data Loss (minor) 43 | . . . . . . . . . 6 1 3 3 2 . 6 . 1 2 3 3 . 7 6 Data Loss (major) 16 | . . . . . . . . . 1 . 2 1 . . 3 . 1 3 . . . 4 1 Misfires 15 | . . . . . . . . . . 1 1 . . . 4 . 2 1 1 . . 5 . Alerts 3 | . . . . . . . . . . . . . . . . . . . . . . 1 2 Misdirections 41 | . . . . . . . . . . . . . . . 9 . . . . . . 10 22 Targeting Errors 153 | . . . . . . 1 . . 4 5 1 . . . 21 4 1 7 1 1 . 47 60 Weapon Failures 32 | . . . . . . . . . 1 1 . . . . . . . . . 1 . 17 12 Overload Shots . | . . . . . . . . . . . . . . . . . . . . . . . . Overflow Damage 1108 | . . . . . 43 1 2 3 58 62 . . . . . 18 . . 26 . . 488 407 Projectiles 540 | . . . . . 43 . 2 . 6 53 . . . . . 18 . . . . . 68 350 Explosions 568 | . . . . . . 1 . 3 52 9 . . . . . . . . 26 . . 420 57 Melee . | . . . . . . . . . . . . . . . . . . . . . . . . Knockbacks 62 | . 6 . . . 1 . . . . . . . . . 1 13 . . . . . 22 19 Impact 1 | . . . . . . . . . . . . . . . 1 . . . . . . . . Kinetic 58 | . 5 . . . 1 . . . . . . . . . . 13 . . . . . 21 18 Secondary 3 | . 1 . . . . . . . . . . . . . . . . . . . . 1 1 Self-Inflicted Damage 175 | . . . . . . 35 . . 33 . . . . . . . . . . . . 17 90 Shots 5 | . . . . . . 2 . . 1 . . . . . . . . . . . . 1 1 Rammed 16 | . . . . . . . . 1 . 3 . . . 1 5 . . . . . . . 6 Targets Rammed 18 | . . . . . 2 . . 1 . 3 . . . 1 5 . . . . . . . 6 Kicked . | . . . . . . . . . . . . . . . . . . . . . . . . Crushed 2 | . . . . . 2 . . . . . . . . . . . . . . . . . . Highest Temperature 406 | . 142 . . . 295 60 20 27 297 236 248 242 181 29 292 128 31 216 78 223 . 264 406 Average Temperature 79 | . 35 . . . 96 33 11 16 88 42 115 98 107 10 106 68 31 68 43 114 . 68 103 Received Heat Transfer 2537 | . 252 . . . 171 498 . 118 91 180 . . . 30 153 75 30 150 . . . 309 480 Effects 11 | . . . . . . . . . . 3 . . . . 5 . . . . . . . 3 Shutdowns 2 | . . . . . . . . . . . . . . . . . . . . . . . 2 Interference 8 | . . . . . . . . . . 3 . . . . 5 . . . . . . . . Short Circuit 1 | . . . . . . . . . . . . . . . . . . . . . . . 1 Siege Activations 8 | . . . . . . . . . . . . . . . . . . . . . . 6 2 Total Turns 243 | . . . . . . . . . . . . . . . . . . . . . . 95 148 Longest Duration 110 | . . . . . . . . . . . . . . . . . . . . . . 28 110 Robots Corrupted 3 | . . . . . . . . . . . . . . . . 2 . . . . . . 1 Combat Hostiles 3 | . . . . . . . . . . . . . . . . 2 . . . . . . 1 Parts Fried 9 | . . . . . . . . . . . . . . . . 2 . . . . . . 7 Impact Corruptions . | . . . . . . . . . . . . . . . . . . . . . . . . Robots Melted . | . . . . . . . . . . . . . . . . . . . . . . . . Combat Hostiles . | . . . . . . . . . . . . . . . . . . . . . . . . Parts Melted 25 | . . . . . . . . . . 2 . 1 . . 1 1 . . . . . 3 17 Heat Transferred 12159 | . 500 . . . 1625 457 222 . 623 521 . 148 . . 222 . . . 150 . . 740 6951 Parts Sabotaged 5 | . . . . . . . . . . . . . . . . 2 . . . . . 3 . Parts Stolen 11 | . . . . . . . 1 . 1 . 2 . . . . . . 5 . 2 . . . Parts Stripped . | . . . . . . . . . . . . . . . . . . . . . . . . Power Chain Reactions 3 | . . . . . . 2 . . . . . . . . . . . . 1 . . . . Missiles Intercepted . | . . . . . . . . . . . . . . . . . . . . . . . . Alert | -11 -10 -10 -10 -9 -8 -7 -7 -7 -6 -6 -6 -6 -6 -5 -5 -4 -4 -4 -4 -3 -3 -3 -2 ------- Run | Scr Mat Min Exi Min Mat Fac Low Dat Pro Fac Low Low Zio Pro Fac Fac Upp Upp Zhi Pro Res Tes Res Peak Influence 1638 | . 211 54 . . 370 1127 . . . 365 . . . . 916 815 . . . . 59 1449 1638 Average Influence 439 | . 71 54 . . 150 570 . . . 131 . . . . 526 574 . . . . 59 403 1213 Maximum Alert Level 5 | . 1 . . . 1 4 . . . 1 . . . . 3 3 . . . . . 4 5 Low Security (%) 41 | 100 93 100 . 100 68 24 . . . 67 . . . . 20 . . . . . 100 34 . Level 1 14 | . 6 . . . 31 17 . . . 32 . . . . . . . . . . . 24 . Level 2 18 | . . . . . . 14 . . . . . . . . 49 87 . . . . . 22 . Level 3 16 | . . . . . . 38 . . . . . . . . 29 12 . . . . . 12 33 Level 4 8 | . . . . . . 4 . . . . . . . . . . . . . . . 5 57 Level 5 . | . . . . . . . . . . . . . . . . . . . . . . . 8 High Security . | . . . . . . . . . . . . . . . . . . . . . . . . Max Security . | . . . . . . . . . . . . . . . . . . . . . . . . Squads Dispatched 93 | . 4 . . . 3 11 . . 1 5 . . . . 12 7 . 1 . . . 24 25 Investigation 5 | . 1 . . . . 1 . . . . . . . . 2 . . . . . . . 1 Extermination 17 | . . . . . . 3 . . . 2 . . . . 3 1 . . . . . 4 4 Reinforcement 19 | . 3 . . . 2 3 . . . 1 . . . . . 1 . . . . . 5 4 Assault 17 | . . . . . . 2 . . 1 . . . . . 2 2 . 1 . . . 4 5 Garrison 7 | . . . . . 1 2 . . . . . . . . . . . . . . . . 4 Intercept 28 | . . . . . . . . . . 2 . . . . 5 3 . . . . . 11 7 Construction Impeded 8 | . . . . . . 1 . . . 1 . . . . . 1 . . . . . 2 3 Haulers Reinforced 2 | . . . . . . 1 . . . . . . . . . . . . . . . . 1 Stealth | -11 -10 -10 -10 -9 -8 -7 -7 -7 -6 -6 -6 -6 -6 -5 -5 -4 -4 -4 -4 -3 -3 -3 -2 --------- Run | Scr Mat Min Exi Min Mat Fac Low Dat Pro Fac Low Low Zio Pro Fac Fac Upp Upp Zhi Pro Res Tes Res Distress Signals 24 | . 3 . . . 4 . . . . 3 . . . . 2 . . . . . . 3 9 Communications Jammed 1 | . . . . . . . . . . . . . . . . 1 . . . . . . . Distress Signals 1 | . . . . . . . . . . . . . . . . 1 . . . . . . . Times Spotted 471 | . 24 . . . 47 55 2 4 24 22 6 2 . 11 51 22 2 25 . 9 . 84 81 Peak Tracking Total 16 | . 4 . . . 6 6 2 4 9 4 4 2 . 5 7 5 1 6 . 5 . 10 16 Tactical Retreats 21 | . . . . . 3 1 . . 3 1 . . . . . 1 . 1 . . . 4 7 Traps | -11 -10 -10 -10 -9 -8 -7 -7 -7 -6 -6 -6 -6 -6 -5 -5 -4 -4 -4 -4 -3 -3 -3 -2 ------- Run | Scr Mat Min Exi Min Mat Fac Low Dat Pro Fac Low Low Zio Pro Fac Fac Upp Upp Zhi Pro Res Tes Res Traps Triggered 8 | . 2 . . . . 2 . . . . . . . . . . . . . . . 2 2 Indirectly . | . . . . . . . . . . . . . . . . . . . . . . . . Trap Hack Attempts . | . . . . . . . . . . . . . . . . . . . . . . . . Triggered . | . . . . . . . . . . . . . . . . . . . . . . . . Disarmed . | . . . . . . . . . . . . . . . . . . . . . . . . Reprogrammed . | . . . . . . . . . . . . . . . . . . . . . . . . Reused . | . . . . . . . . . . . . . . . . . . . . . . . . Traps Extracted . | . . . . . . . . . . . . . . . . . . . . . . . . Installed . | . . . . . . . . . . . . . . . . . . . . . . . . Triggered 4 | . . . . . . . . . . . . . . . . . 2 . . 1 . . 1 Machines | -11 -10 -10 -10 -9 -8 -7 -7 -7 -6 -6 -6 -6 -6 -5 -5 -4 -4 -4 -4 -3 -3 -3 -2 ---------- Run | Scr Mat Min Exi Min Mat Fac Low Dat Pro Fac Low Low Zio Pro Fac Fac Upp Upp Zhi Pro Res Tes Res Machines Disabled 33 | . . . . . . 7 . . . 2 . . . . 3 5 . . 3 . . 11 2 Max in Single Turn 2 | . . . . . . 1 . . . 1 . . . . . 1 . . 2 . . 1 1 Garrison Access 1 | . . . . . . 1 . . . . . . . . . . . . . . . . . Machines Sabotaged . | . . . . . . . . . . . . . . . . . . . . . . . . Garrisons Compromised . | . . . . . . . . . . . . . . . . . . . . . . . . Overloaded Fab Kills . | . . . . . . . . . . . . . . . . . . . . . . . . Fab Network Shutdowns 1 | . . . . . . . . . . . . . . . 1 . . . . . . . . Hacking | -11 -10 -10 -10 -9 -8 -7 -7 -7 -6 -6 -6 -6 -6 -5 -5 -4 -4 -4 -4 -3 -3 -3 -2 --------- Run | Scr Mat Min Exi Min Mat Fac Low Dat Pro Fac Low Low Zio Pro Fac Fac Upp Upp Zhi Pro Res Tes Res Machines Accessed 34 | . 5 . 1 . 7 5 . 4 . 3 . . . . 2 . . . 4 . . 2 1 Terminals 18 | . 5 . . . 7 4 . . . 2 . . . . . . . . . . . . . Fabricators 4 | . . . . . . . . . . . . . . . 2 . . . . . . 1 1 Repair Stations 1 | . . . . . . . . . . 1 . . . . . . . . . . . . . Recycling Units . | . . . . . . . . . . . . . . . . . . . . . . . . Scanalyzers 2 | . . . . . . 1 . . . . . . . . . . . . . . . 1 . Garrison Access . | . . . . . . . . . . . . . . . . . . . . . . . . Total Hacks 108 | . 17 . 1 . 17 22 . 22 . 9 . . . . 6 . . . 10 . . 3 1 Successful 67 | . 7 . 1 . 12 6 . 22 . 2 . . . . 4 . . . 10 . . 3 . Failed 41 | . 10 . . . 5 16 . . . 7 . . . . 2 . . . . . . . 1 Catastrophic 2 | . 1 . . . . . . . . . . . . . . . . . . . . . 1 Database Lockouts . | . . . . . . . . . . . . . . . . . . . . . . . . Manual 93 | . 17 . 1 . 18 18 . . . 5 . . . . 19 4 . . . . 3 8 . Terminals 57 | . 17 . . . 17 18 . . . 5 . . . . . . . . . . . . . Fabricators 9 | . . . . . . . . . . . . . . . 6 . . . . . . 2 1 Repair Stations 4 | . . . . . . . . . . 4 . . . . . . . . . . . . . Recycling Units . | . . . . . . . . . . . . . . . . . . . . . . . . Scanalyzers 5 | . . . . . . 4 . . . . . . . . . . . . . . . 1 . Garrison Access . | . . . . . . . . . . . . . . . . . . . . . . . . Terminal Hacks 49 | . 7 . 1 . 7 2 . 22 . . . . . . . . . . 10 . . . . Record 13 | . . . . . . . . 11 . . . . . . . . . . 2 . . . . Part Schematic 8 | . . . . . . 1 . 3 . . . . . . . . . . 4 . . . . Robot Schematic 5 | . . . . . . . . 5 . . . . . . . . . . . . . . . Robot Analysis 6 | . 3 . . . 3 . . . . . . . . . . . . . . . . . . Prototype ID Bank 9 | . 1 . . . 1 . . 3 . . . . . . . . . . 4 . . . . Branch Access Points 2 | . 1 . . . . 1 . . . . . . . . . . . . . . . . . Unreport Threat 3 | . 1 . . . 2 . . . . . . . . . . . . . . . . . . Locate Traps 1 | . . . . . 1 . . . . . . . . . . . . . . . . . . Registered Components 1 | . 1 . . . . . . . . . . . . . . . . . . . . . . EX-Prototype ID Bank 1 | . . . 1 . . . . . . . . . . . . . . . . . . . . Fabricator Hacks 6 | . . . . . . . . . . . . . . . 4 . . . . . . 2 . Network Status 1 | . . . . . . . . . . . . . . . 1 . . . . . . . . Load Schematic 3 | . . . . . . . . . . . . . . . 2 . . . . . . 1 . Build 2 | . . . . . . . . . . . . . . . 1 . . . . . . 1 . Repair Station Hacks 2 | . . . . . . . . . . 2 . . . . . . . . . . . . . Scan Component 1 | . . . . . . . . . . 1 . . . . . . . . . . . . . Repair 1 | . . . . . . . . . . 1 . . . . . . . . . . . . . Recycling Unit Hacks . | . . . . . . . . . . . . . . . . . . . . . . . . Scanalyzer 2 | . . . . . . 1 . . . . . . . . . . . . . . . 1 . Insert Component 2 | . . . . . . 1 . . . . . . . . . . . . . . . 1 . Garrison Access Hacks . | . . . . . . . . . . . . . . . . . . . . . . . . Unauthorized Hacks 8 | . . . . . 5 3 . . . . . . . . . . . . . . . . . Terminals 8 | . . . . . 5 3 . . . . . . . . . . . . . . . . . Botnet 8 | . . . . . 5 3 . . . . . . . . . . . . . . . . . Fabricators . | . . . . . . . . . . . . . . . . . . . . . . . . Repair Stations . | . . . . . . . . . . . . . . . . . . . . . . . . Recycling Units . | . . . . . . . . . . . . . . . . . . . . . . . . Scanalyzers . | . . . . . . . . . . . . . . . . . . . . . . . . Garrison Access . | . . . . . . . . . . . . . . . . . . . . . . . . Data Cores Recovered 2 | . . . . . . 1 . . . . . . . . 1 . . . . . . . . Used 1 | . . . . . . 1 . . . . . . . . . . . . . . . . . Hacking Detections 25 | . 5 . . . 7 5 . . . 3 . . . . 2 . . . . . . 2 1 Full Trace Events 2 | . . . . . . 1 . . . . . . . . 1 . . . . . . . . Feedback Events . | . . . . . . . . . . . . . . . . . . . . . . . . Feedback Blocked . | . . . . . . . . . . . . . . . . . . . . . . . . Robot Schematics Acquired 8 | . . . . . . . . 5 . . . . . . . . . . . . . 3 . Robots Built . | . . . . . . . . . . . . . . . . . . . . . . . . Matter . | . . . . . . . . . . . . . . . . . . . . . . . . Time . | . . . . . . . . . . . . . . . . . . . . . . . . Total Robot Build Rating . | . . . . . . . . . . . . . . . . . . . . . . . . Part Schematics Acquired 8 | . . . . . . 1 . 3 . . . . . . . . . . 4 . . . . Parts Built 2 | . . . . . . . . . . . . . . . 1 . . . . . . 1 . Matter 519 | . . . . . . . . . . . . . . . 168 . . . . . . 351 . Time 104 | . . . . . . . . . . . . . . . 42 . . . . . . 62 . Total Part Build Rating 11 | . . . . . . . . . . . . . . . 4 . . . . . . 7 . Parts Repaired 1 | . . . . . . . . . . 1 . . . . . . . . . . . . . Time 44 | . . . . . . . . . . 44 . . . . . . . . . . . . . Parts Recycled . | . . . . . . . . . . . . . . . . . . . . . . . . Recycled Matter . | . . . . . . . . . . . . . . . . . . . . . . . . Retrieved Matter . | . . . . . . . . . . . . . . . . . . . . . . . . Retrieved Components . | . . . . . . . . . . . . . . . . . . . . . . . . Parts Scanalyzed 1 | . . . . . . 1 . . . . . . . . . . . . . . . . . Part Schematics Acquired . | . . . . . . . . . . . . . . . . . . . . . . . . Parts Damaged . | . . . . . . . . . . . . . . . . . . . . . . . . Bothacking | -11 -10 -10 -10 -9 -8 -7 -7 -7 -6 -6 -6 -6 -6 -5 -5 -4 -4 -4 -4 -3 -3 -3 -2 ------------ Run | Scr Mat Min Exi Min Mat Fac Low Dat Pro Fac Low Low Zio Pro Fac Fac Upp Upp Zhi Pro Res Tes Res Used RIF Installer . | . . . . . . . . . . . . . . . . . . . . . . . . Robots Hacked . | . . . . . . . . . . . . . . . . . . . . . . . . Non-combat . | . . . . . . . . . . . . . . . . . . . . . . . . Combat . | . . . . . . . . . . . . . . . . . . . . . . . . Robot Hacks Applied . | . . . . . . . . . . . . . . . . . . . . . . . . Relay Couplers Released 5 | . . . . . . 2 . . . . . . . . . . . . . . . . 3 Machine Destruction 2 | . . . . . . 2 . . . . . . . . . . . . . . . . . Programmers 3 | . . . . . . . . . . . . . . . . . . . . . . . 3 Robots Rewired 4 | . . . . . . . . . 2 . . . . . . . . 1 . . . 1 . Allies Hacked 2 | . . . . . . . . . . . . . . . 1 . . . . 1 . . . Hacks Repelled . | . . . . . . . . . . . . . . . . . . . . . . . . Allies | -11 -10 -10 -10 -9 -8 -7 -7 -7 -6 -6 -6 -6 -6 -5 -5 -4 -4 -4 -4 -3 -3 -3 -2 -------- Run | Scr Mat Min Exi Min Mat Fac Low Dat Pro Fac Low Low Zio Pro Fac Fac Upp Upp Zhi Pro Res Tes Res Total Allies 19 | . . . . . . . . . 2 . . . 4 . 9 2 . 1 . . . 1 . Largest Group 8 | . . . . . . . . . 2 1 . . 4 4 8 2 . 1 1 1 1 2 . Highest-Rated Group 407 | . . . . . . . . . 61 24 . . 152 152 407 206 . 49 47 47 47 201 . Highest-Rated Ally 154 | . . . . . . . . . 32 24 . . 39 39 85 103 . 49 47 47 47 154 . Zionite Dispatches 5 | . . . . . . . . . . . . . . . 4 1 . . . . . . . Heavy 2 | . . . . . . . . . . . . . . . 1 1 . . . . . . . Light 1 | . . . . . . . . . . . . . . . 1 . . . . . . . . Recon 1 | . . . . . . . . . . . . . . . 1 . . . . . . . . Fire 1 | . . . . . . . . . . . . . . . 1 . . . . . . . . Total Orders 3 | . . . . . . 1 . . . . . . . . 1 . . . . . . . 1 EXPLORE 3 | . . . . . . 1 . . . . . . . . 1 . . . . . . . 1 Ally Attacks 260 | . . . . . . . . . 37 3 . . . 67 84 14 . 5 . 7 . 43 . Total Damage 7581 | . . . . . . . . . 823 19 . . . 1673 2902 1097 . 23 . 209 . 835 . Kills 51 | . . . . . . . . . 8 . . . . 10 20 4 . . . 3 . 6 . Allies Corrupted 5 | . . . . . . . . . . . . . . 1 1 . . . . . . 2 1 Allies Melted . | . . . . . . . . . . . . . . . . . . . . . . . . Intel | -11 -10 -10 -10 -9 -8 -7 -7 -7 -6 -6 -6 -6 -6 -5 -5 -4 -4 -4 -4 -3 -3 -3 -2 ------- Run | Scr Mat Min Exi Min Mat Fac Low Dat Pro Fac Low Low Zio Pro Fac Fac Upp Upp Zhi Pro Res Tes Res Robot Analysis Total 121 | . 3 . . . 3 . . 115 . . . . . . . . . . . . . . . Derelict Logs Recovered 8 | . . 1 . . . . . . . . 2 2 2 1 . . . . . . . . . Drone Launches 5 | . . . . . . 1 . . . . . . . . . . . . . . . 2 2 Drone Recoveries . | . . . . . . . . . . . . . . . . . . . . . . . . Zionite Intel Received 2 | . . . . . . . . . . . . . . . 1 . . . . . . 1 . Component Stockpiles 1 | . . . . . . . . . . . . . . . 1 . . . . . . . . Unaware Schematics 1 | . . . . . . . . . . . . . . . . . . . . . . 1 . Exploration | -11 -10 -10 -10 -9 -8 -7 -7 -7 -6 -6 -6 -6 -6 -5 -5 -4 -4 -4 -4 -3 -3 -3 -2 ------------- Run | Scr Mat Min Exi Min Mat Fac Low Dat Pro Fac Low Low Zio Pro Fac Fac Upp Upp Zhi Pro Res Tes Res Turns Passed 23520 | 97 1159 256 475 13 2174 2036 370 338 985 1209 629 954 2401 991 1954 818 547 1141 299 520 277 2314 1563 Spaces Moved 11482 | 55 733 214 399 11 963 776 184 156 403 464 248 439 1275 843 754 344 336 624 174 285 171 890 741 Core 2137 | 4 . . . . . . . . . . . 437 1275 156 . . . . . . . . 265 Treads 4434 | 51 333 . . . 570 776 184 156 403 464 248 2 . 173 680 . . . . . . 349 45 Legs 2771 | . . . . . . . . . . . . . . . 74 344 336 624 174 285 171 541 222 Wheels 1626 | . 400 214 399 11 393 . . . . . . . . . . . . . . . . . 209 Hover . | . . . . . . . . . . . . . . . . . . . . . . . . Flight 514 | . . . . . . . . . . . . . . 514 . . . . . . . . . Fastest Speed 34 | 50 90 110 90 120 110 186 186 152 170 165 225 150 100 34 150 150 156 156 156 150 150 150 50 Average Speed 161 | 152 127 110 112 120 157 190 186 181 215 177 243 200 187 98 199 153 156 156 156 155 150 168 113 Slowest Speed 330 | 160 160 110 120 120 200 210 186 192 225 225 245 250 200 210 330 210 156 156 156 240 150 240 240 Overloaded Moves . | . . . . . . . . . . . . . . . . . . . . . . . . Propulsion Burnouts . | . . . . . . . . . . . . . . . . . . . . . . . . Robots Hopped 1 | . . . . . . . . . . . . . . 1 . . . . . . . . . Cave-ins Triggered 1 | . . . . . . . . . 1 . . . . . . . . . . . . . . Teleports 1 | . . . . . . . . . . . . . . . . . . . . . . . 1 Exploration Rate (%) 47 | 4 97 51 68 5 79 41 31 78 63 13 45 52 89 58 24 8 54 71 63 42 4 76 21 Regions Visited 23 Branch Regions 15 Pre-discovered Areas 27 | . . . . . . . . 26 . . . . 1 . . . . . . . . . . Known Exits Taken 16 | . 1 . . . . 1 . . 1 1 1 1 1 1 1 1 1 1 1 1 1 1 . Unknown Exits Taken 7 | 1 . 1 1 1 1 . 1 1 . . . . . . . . . . . . . . . Scrap Searched 15 | . . . . 1 . . . . 2 . 4 3 2 . . . 1 1 . 1 . . . Spaces Dug 2 | . . . . . . 1 . . . . . . . . . . . . . . . 1 . Terrain Destroyed 389 | . . . . . . 29 1 13 25 34 15 . . 2 5 6 . 6 1 21 . 168 63 Melee . | . . . . . . . . . . . . . . . . . . . . . . . . Projectile 99 | . . . . . . 1 1 . . 1 . . . 2 5 6 . 6 1 9 . 32 35 AOE 290 | . . . . . . 28 . 13 25 33 15 . . . . . . . . 12 . 136 28 Actions | -11 -10 -10 -10 -9 -8 -7 -7 -7 -6 -6 -6 -6 -6 -5 -5 -4 -4 -4 -4 -3 -3 -3 -2 --------- Run | Scr Mat Min Exi Min Mat Fac Low Dat Pro Fac Low Low Zio Pro Fac Fac Upp Upp Zhi Pro Res Tes Res Total 14988 | 66 862 235 426 11 1503 1119 201 198 484 756 264 497 1287 968 1056 530 358 751 194 337 192 1554 1139 Wait 1289 | . 37 17 . 1 314 136 7 1 1 171 . 29 3 75 101 28 12 15 8 20 13 196 104 Move 11457 | 54 732 213 398 10 962 775 183 155 402 463 247 438 1274 840 753 343 335 623 173 284 170 889 741 Hop 1 | . . . . . . . . . . . . . . 1 . . . . . . . . . Pick Up 296 | 6 17 1 22 . 37 14 2 18 4 16 5 2 1 10 37 19 . 7 3 6 3 40 26 Fast Attach 157 | 6 7 . 1 . 11 8 . . 1 7 . 5 4 11 14 10 . 5 2 1 2 37 25 Attach 131 | . 1 1 . . 7 7 . 4 5 7 3 4 . 2 7 12 . 10 . 4 2 26 29 Detach 44 | . . . . . 1 3 . . . 2 . 1 . 3 1 2 . 3 . 2 2 16 8 Swap 181 | . 3 1 . . 34 35 1 6 6 13 2 1 . 3 16 19 1 3 2 3 . 25 7 Drop 254 | . 13 2 5 . 55 25 1 . . 4 1 3 5 7 29 20 . 4 . 3 . 52 25 Fire 1099 | . 52 . . . 80 112 7 13 25 70 6 14 . 15 93 77 10 71 6 14 . 267 167 Melee . | . . . . . . . . . . . . . . . . . . . . . . . . Ram 6 | . . . . . . . . . . . . . . . . . . . . . . . 6 Kick . | . . . . . . . . . . . . . . . . . . . . . . . . Crush 12 | . . . . . 2 . . 1 . 3 . . . 1 5 . . . . . . . . Escape Stasis 4 | . . . . . . 4 . . . . . . . . . . . . . . . . . Rewire 55 | . . . . . . . . . 40 . . . . . . . . 10 . . . 5 . Trap . | . . . . . . . . . . . . . . . . . . . . . . . . Miscellaneous 2 | . . . . . . . . . . . . . . . . . . . . . . 1 1 Route ------- -11/Scrapyard -10/Materials (discovered 4 exits: [*Mat x3] / *Min) -10/Mines -10/Exiles (discovered 2 exits: [*Min x2]) -9/Mines -8/Materials -7/Factory (discovered 3 exits: *Fac / *Low x2) -7/Lower Caves -7/Data Miner -6/Proximity Caves -6/Factory -6/Lower Caves -6/Lower Caves -6/Zion -5/Proximity Caves -5/Factory -4/Factory -4/Upper Caves -4/Upper Caves -4/Zhirov -3/Proximity Caves -3/Research -3/Testing -2/Research History --------- Turn | Location | Event 14 | -11/Scrapyard | Discovered new exit (range 16) 98 | -11/Scrapyard | Entered Materials 295 | -10/Materials | Identified exit to Mines 308 | -10/Materials | Build established: Mutant 696 | -10/Materials | Discovered new exit (range 12) 962 | -10/Materials | Discovered new exit (range 14) 1125 | -10/Materials | Discovered new exit (range 16) 1185 | -10/Materials | Core integrity fell below 50% 1257 | -10/Materials | Entered Mines 1264 | -10/Mines | Learned Materials trap positions 1507 | -10/Mines | Deemed a non-threat by the Exiles lab entrance 1508 | -10/Mines | Discovered new exit (range 5) 1513 | -10/Mines | Entered Exiles 1530 | -10/Exiles | Discovered new exit (range 15) 1562 | -10/Exiles | Met 8R-AWN 1582 | -10/Exiles | Met EX-HEX 1610 | -10/Exiles | Met EX-BIN 1629 | -10/Exiles | Aligned with FarCom system 1630 | -10/Exiles | Given EX-Vault access code 1660 | -10/Exiles | Opened EX-Vault 1671 | -10/Exiles | Found Gui. Plasma Cannon 1678 | -10/Exiles | Found PSU Rigger 1680 | -10/Exiles | Found Supersonic Drone Bay 1708 | -10/Exiles | Warned to stay clear of 0b10 Research branches 1739 | -10/Exiles | Met EX-DEC 1889 | -10/Exiles | Discovered new exit (range 14) 1988 | -10/Exiles | Stole three prototypes: Supersonic Drone Bay, PSU Rigger, Gui. Plasma Cannon 1988 | -10/Exiles | Entered Mines 1988 | -9/Mines | Discovered new exit (range 7) 2001 | -9/Mines | Entered Materials 2001 | -8/Materials | Evolved 4 slots: Propulsion x1, Utility x3 2002 | -8/Materials | Loaded intel: 13 trap records 2096 | -8/Materials | Build established: Hauler-Mutant 2563 | -8/Materials | Garrison activated, responded to threat 4094 | -8/Materials | Discovered new exit (range 16) 4175 | -8/Materials | Entered Factory 4175 | -7/Factory | Evolved 2 slots: Utility x2 4177 | -7/Factory | FarCom data flow suspended 4767 | -7/Factory | Destroyed 7 combat bots 5017 | -7/Factory | Garrison activated, responded to threat 5246 | -7/Factory | Identified exit to Lower Caves 5494 | -7/Factory | Build established: Scavenger-Mutant 5799 | -7/Factory | Discovered new exit (range 12) 5851 | -7/Factory | Identified exit to Factory 6143 | -7/Factory | Build established: Hauler-Mutant 6175 | -7/Factory | First assault squad dispatched 6211 | -7/Factory | Entered Lower Caves 6503 | -7/Lower Caves | Spotted HG-6NP(f) 6504 | -7/Lower Caves | Encountered a Master Thief 6504 | -7/Lower Caves | Spotted X8-A55(f) 6505 | -7/Lower Caves | Encountered a Master Thief 6515 | -7/Lower Caves | Destroyed X8-A55(f) 6518 | -7/Lower Caves | Gui. Plasma Cannon stolen by Master Thief 6559 | -7/Lower Caves | A Derelict revealed a hidden shortcut to meet someone special 6581 | -7/Lower Caves | Entered Data Miner 6581 | -7/Data Miner | Discovered new exit (range 6) 6617 | -7/Data Miner | Met Data Miner 6650 | -7/Data Miner | Learned location of Section 7 (-2) 6650 | -7/Data Miner | Acquired the access code to Warlord's prototype stash 6684 | -7/Data Miner | Received God Mode back door access code from Data Miner 6736 | -7/Data Miner | Interfaced with the Data Conduit 6813 | -7/Data Miner | Lost 4 parts (2n1u1w) 6919 | -7/Data Miner | Entered Proximity Caves 6994 | -6/Proximity Caves | Attracted the attention of an 0b10 outpost 7032 | -6/Proximity Caves | Crushed by falling debris 7041 | -6/Proximity Caves | Destroyed 8 combat bots 7063 | -6/Proximity Caves | Lost 7 parts (1p2n3u1w) 7121 | -6/Proximity Caves | Spotted 89-GMA(f) 7122 | -6/Proximity Caves | Encountered a Master Thief 7127 | -6/Proximity Caves | Adv. Heat Sink stolen by Master Thief 7740 | -6/Proximity Caves | Core integrity fell below 50% 7850 | -6/Proximity Caves | Discovered exit to Factory (range 15) 7904 | -6/Proximity Caves | Entered Factory 7904 | -6/Factory | Accompanied by 1 ally 7904 | -6/Factory | Evolved 2 slots: Utility x2 7905 | -6/Factory | Loaded intel: 268 machine locations 8219 | -6/Factory | Repaired Weapon Cycler 8553 | -6/Factory | Intercept squad dispatched 8567 | -6/Factory | Spotted Tracker 8593 | -6/Factory | Destroyed Tracker 8600 | -6/Factory | Found Exp. Targeting Computer 8618 | -6/Factory | Spotted Combat Programmer 8646 | -6/Factory | Destroyed Combat Programmer 8668 | -6/Factory | Lost 4 parts (1n1u2w) 9071 | -6/Factory | Discovered new exit (range 16) 9102 | -6/Factory | Identified exit to Lower Caves 9113 | -6/Factory | Entered Lower Caves 9313 | -6/Lower Caves | Spotted DS-92Y(f) 9315 | -6/Lower Caves | Encountered a Master Thief 9316 | -6/Lower Caves | Spotted LP-NR4(f) 9317 | -6/Lower Caves | Encountered a Master Thief 9319 | -6/Lower Caves | Exp. Heat Sink stolen by Master Thief 9321 | -6/Lower Caves | Lrn. Sensor Array stolen by Master Thief 9543 | -6/Lower Caves | Learned Factory terminal intel 9730 | -6/Lower Caves | Discovered new exit (range 6) 9739 | -6/Lower Caves | Identified exit to Lower Caves 9742 | -6/Lower Caves | Entered another Lower Caves area 9809 | -6/Lower Caves | Lost 8 parts (1p1n4u2w) 10089 | -6/Lower Caves | Build established: Mutant 10128 | -6/Lower Caves | Learned Factory emergency access door positions 10150 | -6/Lower Caves | Learned Factory emergency access door positions 10674 | -6/Lower Caves | Discovered new exit (range 11) 10694 | -6/Lower Caves | Identified exit to Zion 10696 | -6/Lower Caves | Entered Zion 10774 | -6/Zion | Build established: Skirmisher 10805 | -6/Zion | Discovered new exit (range 16) 10907 | -6/Zion | System corruption cleaned by Quarantine Array 11115 | -6/Zion | Learned Factory emergency access door positions 11171 | -6/Zion | Found Prototype Device 11171 | -6/Zion | Identified Bomb Factory No. 2 12619 | -6/Zion | Imprinted 12621 | -6/Zion | Declared Zion's savior 12914 | -6/Zion | Build established: Messiah-Skirmisher 13092 | -6/Zion | Identified exit to Proximity Caves 13097 | -6/Zion | Entered Proximity Caves 13097 | -5/Proximity Caves | Accompanied by 4 allies 13404 | -5/Proximity Caves | Spotted Y0-1K9(f) 13405 | -5/Proximity Caves | Encountered a Master Thief 13419 | -5/Proximity Caves | Allies destroyed Y0-1K9(f) 13508 | -5/Proximity Caves | Spotted UH-DYT(f) 13509 | -5/Proximity Caves | Encountered a Master Thief 13511 | -5/Proximity Caves | Destroyed UH-DYT(f) 13547 | -5/Proximity Caves | Spotted 7B-SFW(f) 13548 | -5/Proximity Caves | Encountered a Master Thief 13553 | -5/Proximity Caves | Spotted HT-K6U(f) 13554 | -5/Proximity Caves | Encountered a Master Thief 13600 | -5/Proximity Caves | Allies destroyed HT-K6U(f) 13607 | -5/Proximity Caves | Spotted 24-VBZ(f) 13612 | -5/Proximity Caves | Encountered a Master Thief 13672 | -5/Proximity Caves | Allies destroyed 24-VBZ(f) 14044 | -5/Proximity Caves | Identified exit to Factory 14088 | -5/Proximity Caves | Entered Factory 14088 | -5/Factory | Evolved 2 slots: Utility x2 14090 | -5/Factory | Loaded intel: 231 machine locations 14091 | -5/Factory | Loaded intel: 20 terminal locations 14185 | -5/Factory | Fabricated Lrn. Sensor Array (x1) 14494 | -5/Factory | Local fabrication network quarantined 14540 | -5/Factory | Zion Heavy squad teleported in 14842 | -5/Factory | Zion Light squad teleported in 14988 | -5/Factory | First assault squad dispatched 15043 | -5/Factory | Retrieved Zion intel report: Component Stockpiles 15044 | -5/Factory | Zion Fire squad teleported in 15072 | -5/Factory | Zion Recon squad teleported in 15079 | -5/Factory | P-70 Sage assimilated allied VS-JZ2(i) 15156 | -5/Factory | Intercept squad dispatched 15167 | -5/Factory | Spotted Tracker 15184 | -5/Factory | Destroyed Tracker 15205 | -5/Factory | Spotted Combat Programmer 15205 | -5/Factory | Combat Programmer assimilated allied Z-Drone 15240 | -5/Factory | System corruption reached 10% 15257 | -5/Factory | Destroyed Combat Programmer 15265 | -5/Factory | Found Prototype Protection 15265 | -5/Factory | Identified Zio. Weapon Casing 15283 | -5/Factory | Lost 4 parts (2n1u1w) 15293 | -5/Factory | Found Exp. Phase Shifter 15555 | -5/Factory | Build established: Messiah-Mutant 15596 | -5/Factory | Terminal network hard line cut 15688 | -5/Factory | Destroyed 7 combat bots 15948 | -5/Factory | Discovered new exit (range 7) 15995 | -5/Factory | Identified exit to Factory 16037 | -5/Factory | Intercept squad dispatched 16040 | -5/Factory | Spotted Tracker 16041 | -5/Factory | Spotted Tracker 16042 | -5/Factory | Entered another Factory area 16042 | -4/Factory | Evolved 2 slots: Utility x2 16044 | -4/Factory | Loaded intel: 229 machine locations 16286 | -4/Factory | Zion Heavy squad teleported in 16292 | -4/Factory | First assault squad dispatched 16526 | -4/Factory | Intercept squad dispatched 16543 | -4/Factory | Spotted Tracker 16543 | -4/Factory | Destroyed Tracker 16543 | -4/Factory | Spotted Tracker 16551 | -4/Factory | Destroyed Tracker 16566 | -4/Factory | Found Exp. Targeting Computer 16591 | -4/Factory | Spotted Combat Programmer 16611 | -4/Factory | Spotted Combat Programmer 16639 | -4/Factory | Destroyed Combat Programmer 16672 | -4/Factory | Destroyed Combat Programmer 16704 | -4/Factory | Found Exp. Targeting Computer 16705 | -4/Factory | Lost 6 parts (1p1n3u1w) 16710 | -4/Factory | Found Prototype Energy Gun 16741 | -4/Factory | Identified Immobilizer 16792 | -4/Factory | Discovered new exit (range 15) 16858 | -4/Factory | Identified exit to Upper Caves 16860 | -4/Factory | Entered Upper Caves 16862 | -4/Upper Caves | Attracted the attention of an 0b10 checkpoint 17403 | -4/Upper Caves | Discovered new exit (range 2) 17405 | -4/Upper Caves | Identified exit to Upper Caves 17407 | -4/Upper Caves | Entered another Upper Caves area 17762 | -4/Upper Caves | Spotted OM-PQN(f) 17762 | -4/Upper Caves | Spotted YN-L79(f) 17763 | -4/Upper Caves | Encountered a Master Thief 17763 | -4/Upper Caves | Encountered a Master Thief 17767 | -4/Upper Caves | Immobilizer stolen by Master Thief 17768 | -4/Upper Caves | Destroyed YN-L79(f) 17771 | -4/Upper Caves | Destroyed OM-PQN(f) 17896 | -4/Upper Caves | Spotted X1-CVZ(f) 17897 | -4/Upper Caves | Encountered a Master Thief 17903 | -4/Upper Caves | Immobilizer stolen by Master Thief 17907 | -4/Upper Caves | Destroyed X1-CVZ(f) 17974 | -4/Upper Caves | Attracted the attention of an 0b10 outpost 18191 | -4/Upper Caves | Lost 5 parts (1p3u1w) 18360 | -4/Upper Caves | Spotted FW-88Z(f) 18360 | -4/Upper Caves | Destroyed FW-88Z(f) 18363 | -4/Upper Caves | Spotted LD-9UA(f) 18364 | -4/Upper Caves | Encountered a Master Thief 18369 | -4/Upper Caves | Immobilizer stolen by Master Thief 18494 | -4/Upper Caves | Spotted 4M-LID(f) 18495 | -4/Upper Caves | Encountered a Master Thief 18496 | -4/Upper Caves | Spotted JU-CPS(f) 18497 | -4/Upper Caves | Encountered a Master Thief 18497 | -4/Upper Caves | Imp. Phase Shifter stolen by Master Thief 18499 | -4/Upper Caves | Zio. Heavy DM Reactor stolen by Master Thief 18527 | -4/Upper Caves | Discovered new exit (range 10) 18538 | -4/Upper Caves | Identified exit to Zhirov 18548 | -4/Upper Caves | Entered Zhirov 18548 | -4/Zhirov | Accompanied by 1 ally 18548 | -4/Zhirov | Discovered new exit (range 3) 18550 | -4/Zhirov | Identified exit to Proximity Caves 18667 | -4/Zhirov | Found Alien Artifact 18667 | -4/Zhirov | Identified Integrated Reactor 18667 | -4/Zhirov | Installed Integrated Reactor, increased core energy generation (+2%) 18686 | -4/Zhirov | Found Alien Artifact 18688 | -4/Zhirov | Build established: Messiah-Skirmisher 18847 | -4/Zhirov | Entered Proximity Caves 18847 | -3/Proximity Caves | Accompanied by 1 ally 18993 | -3/Proximity Caves | Spotted N7-NCV(f) 18994 | -3/Proximity Caves | Encountered a Master Thief 18994 | -3/Proximity Caves | Spotted UU-B0T(f) 18994 | -3/Proximity Caves | Alien Artifact stolen by Master Thief 18995 | -3/Proximity Caves | Encountered a Master Thief 18995 | -3/Proximity Caves | Destroyed N7-NCV(f) 18995 | -3/Proximity Caves | Lgt. Antimatter Reactor stolen by Master Thief 19336 | -3/Proximity Caves | Discovered new exit (range 8) 19347 | -3/Proximity Caves | Identified exit to Research 19367 | -3/Proximity Caves | Entered Research 19367 | -3/Research | Accompanied by 1 ally 19367 | -3/Research | Evolved 2 slots: Propulsion x1, Utility x1 19368 | -3/Research | Loaded intel: 104 machine locations 19522 | -3/Research | Discovered new exit (range 12) 19546 | -3/Research | Identified exit to Testing 19644 | -3/Research | Entered Testing 19644 | -3/Testing | Accompanied by 1 ally 19645 | -3/Testing | Loaded intel: 67 machine locations 19647 | -3/Testing | Build established: Messiah-Mutant 19667 | -3/Testing | Spotted PY-CLL75ZAMF5 19677 | -3/Testing | Rewired PY-CLL75ZAMF5 19717 | -3/Testing | Fabricated Assault Drone Bay (x1) 19797 | -3/Testing | Found Prototype Hackware 19797 | -3/Testing | Identified System Mapper 19927 | -3/Testing | Found Prototype Device 19927 | -3/Testing | Identified Exp. Thermal Defense Suite 20003 | -3/Testing | Found Prototype Device 20003 | -3/Testing | Identified AEGIS Remote Shield 20110 | -3/Testing | Intercept squad dispatched 20120 | -3/Testing | Spotted Tracker 20130 | -3/Testing | Destroyed Tracker 20163 | -3/Testing | Spotted Combat Programmer 20181 | -3/Testing | Destroyed Combat Programmer 20210 | -3/Testing | Found Exp. Phase Shifter 20353 | -3/Testing | Identified Transdimensional Reconstructor 20622 | -3/Testing | Retrieved Zion intel report: Unaware Schematics 20687 | -3/Testing | Intercept squad dispatched 20694 | -3/Testing | Spotted Tracker 20698 | -3/Testing | Destroyed Tracker 20699 | -3/Testing | Spotted Tracker 20702 | -3/Testing | Destroyed Tracker 20702 | -3/Testing | Spotted Tracker 20705 | -3/Testing | Destroyed Tracker 20725 | -3/Testing | Found Quantum Capacitor 20732 | -3/Testing | Spotted Combat Programmer 20736 | -3/Testing | Spotted Combat Programmer 20738 | -3/Testing | Destroyed Combat Programmer 20740 | -3/Testing | Spotted Combat Programmer 20748 | -3/Testing | Destroyed Combat Programmer 20754 | -3/Testing | System corruption reached 10% 20758 | -3/Testing | Destroyed Combat Programmer 20868 | -3/Testing | Terminal network hard line cut 20898 | -3/Testing | Found Exp. Targeting Computer 21052 | -3/Testing | Scanned by Researcher 21182 | -3/Testing | First assault squad dispatched 21264 | -3/Testing | Found Prototype Energy Cannon 21436 | -3/Testing | Intercept squad dispatched 21439 | -3/Testing | Spotted Tracker 21441 | -3/Testing | Spotted Tracker 21443 | -3/Testing | Spotted Tracker 21447 | -3/Testing | Destroyed Tracker 21450 | -3/Testing | Spotted Combat Programmer 21453 | -3/Testing | Destroyed Tracker 21455 | -3/Testing | Spotted Combat Programmer 21459 | -3/Testing | Destroyed Combat Programmer 21461 | -3/Testing | Spotted Combat Programmer 21469 | -3/Testing | Destroyed Combat Programmer 21471 | -3/Testing | Spotted Combat Programmer 21498 | -3/Testing | Destroyed Combat Programmer 21508 | -3/Testing | Destroyed Tracker 21515 | -3/Testing | Destroyed Combat Programmer 21527 | -3/Testing | Identified Null Cannon 21533 | -3/Testing | Spotted Tracker 21557 | -3/Testing | Lost 10 parts (1p2n4u3w) 21573 | -3/Testing | Found Exp. Phase Shifter 21584 | -3/Testing | Destroyed Tracker 21665 | -3/Testing | System corruption reached 30% 21811 | -3/Testing | Lost 3 parts (1n1u1w) 21883 | -3/Testing | Found Prototype Energy Cannon 21885 | -3/Testing | Found Prototype Energy Cannon 21915 | -3/Testing | Core integrity fell below 50% 21930 | -3/Testing | Unstable Terrabomb Derivative detonated 21938 | -3/Testing | Discovered new exit (range 13) 21952 | -3/Testing | Lost 4 parts (1n1u2w) 21953 | -3/Testing | Destroyed 7 combat bots 21956 | -3/Testing | Identified exit to Research 21958 | -3/Testing | Entered Research 21958 | -2/Research | Evolved 2 slots: Power x1, Weapon x1 21959 | -2/Research | Loaded intel: 107 machine locations 21962 | -2/Research | Identified Imp. Potential Cannon (x2) 22239 | -2/Research | First assault squad dispatched 22248 | -2/Research | Lost 6 parts (3n1u2w) 22261 | -2/Research | Garrison activated, responded to threat 22364 | -2/Research | Build established: Messiah-Gunner 22552 | -2/Research | Spotted B-90 Cyclops 22694 | -2/Research | Intercept squad dispatched 22715 | -2/Research | Spotted Tracker 22724 | -2/Research | Spotted Tracker 22727 | -2/Research | Destroyed Tracker 22729 | -2/Research | Garrison activated, responded to threat 22755 | -2/Research | Destroyed Tracker 22764 | -2/Research | Spotted Combat Programmer 22776 | -2/Research | System corruption reached 10% 22779 | -2/Research | Spotted Combat Programmer 22797 | -2/Research | System corruption reached 30% 22826 | -2/Research | Destroyed Combat Programmer 22828 | -2/Research | Destroyed Combat Programmer 22838 | -2/Research | Destroyed B-90 Cyclops 22865 | -2/Research | Lost 20 parts (3p2n8u7w) 23016 | -2/Research | Build established: Messiah-Mutant 23173 | -2/Research | Spotted B-90 Cyclops 23174 | -2/Research | Lost 3 parts (1p1n1u) 23205 | -2/Research | Terminal network hard line cut 23318 | -2/Research | Core integrity fell below 50% 23379 | -2/Research | Warped through subspace 23395 | -2/Research | Found Quantum Capacitor 23405 | -2/Research | Lost 8 parts (1p1n2u4w) 23482 | -2/Research | Intercept squad dispatched 23500 | -2/Research | Spotted Tracker 23502 | -2/Research | Spotted Tracker 23503 | -2/Research | Spotted Tracker 23512 | -2/Research | Core integrity fell below 20% 23521 | -2/Research | Destroyed by Tracker with Linked Autogun Last Messages --------------- 23470_ E2MLLWQQWN3PL63BQBUBFQ JHPHYC#HK% 23482_ ALERT: Reliable intel has pinpointed LRC-V3, intercept squad en route. 23485_ System corrupted: Energy discharge (-36). 23495_ Slammed into R-10 Processor. 23496_ ALERT: Significant disruption in Zone 8I, assault forces dispatched. Tracker: "THREAT CONFIRMED. DEPLOY COMBAT PROGRAMMER." 23504_ Drone triggered Shock Trap. 23504_ The floor emits a surge of raw power. 23505_ Drone system terminally corrupted. 23507_ R-10 Processor destroyed. 23508_ Terminal disabled. 23508_ Imp. System Backup Module destroyed. 23508_ K-01 Serf collects debris. 23510_ Drone destroyed. 23511_ Adv. Heat Sink destroyed. 23513_ Exp. Targeting Computer destroyed. 23519_ Slammed into K-01 Serf. 23521_ U-05 Engineer builds a Wall. Map ----- +----------------------------------------------------+ | ???????????????# * % + ! # !*%!] | | ???????????????# = #% ! ########## | | ???????????????# # !! |#?????#### | | ???????????????# ! ! % #% #????????# | | ??"""??????????# |[ |# !% ##???????# | | ?""""??????????# ! # #???????# | | ?""""??????????############## # # #??????## | | ?"""????????????##??????????# # # #??????# | | ????????????????????????????# #### #??????# | | ????????????????????????????# ####+##+##?????# | | ????????????????????????????# # #?????# | | ????????????????????????????# # #?????# | | ????????????????????????????# # """ ####### | | ###+####??????????????????#?# # """ # ## | | % #??????????????????? # # """ / ## | | #??"""???############# # """ # + | | #??"""??? * # # """ # ## | | +??"""??# # # # ## | | "" #???????# # # # ## | | T" #???????# """ # ###+###### ### | | #???????# """ # % | | #???????#] """ + % =!! | | #???????# "" # % %% =%* | | ! #???????# """ """ # %% % ! | | #???????# "Y """ # ###+############# | | % #???????# """ ""@ # #*=% ! ### | | "" = ##???????# # % # ### | | "" #####????# s # # ] ### | | "" #????#####+##k#;###% # #?# "" | | "" ### #????????# s ! # = #?# "" | | "" ### ##???????# ### # = #?# "" | | ## ######### #??p ^ # ! #?# | | ## #??u # ! #?# | | ## ######+##+#?? !!###########?##""" | | "" ######??? #?? ! ?????##????#""" | | "" #?????? #? #??????????#""" | | "" #????# #? ###?????????????? | | "" #??#?# #?k #???????????????? | | "" #? #############?/##########???????????????? | | #? ]#????????? ?????????????????????????? | | # #????????? ?????????????????????????? | | # #???????""""""??????????????????????? | | + ]]#???????""""""??????????????????????? | | * # ]]#???????""""""??????????????????????? | | # # #???????????????????????????????????? | | #######?######???????????????????????????????????? | | ????????????????????""?""????????????????????????? | | ????????????????????""R""????????????????????????? | | ?????????????????????""""????????????????????????? | | ?????????????????????????????????????????????????? | +----------------------------------------------------+ Best States ------------- Heat Dissipation 144 Coolant Potential 360 Energy Generation 55 Energy Capacity 1880 Matter Stores 300 Matter Capacity 300 Sight Range 22 Robot Scan Range 20 Terrain Scan Range 16 Terrain Scan Density 135 Jamming Range 12 Armor Coverage 600 Resistance: KI 30 Resistance: TH 30 Resistance: EM 25 Propulsion Shielding 66 Weapon Shielding 100 Thermal Conversion 30 Weapon Cycling 30 Melee Speed Boost 20 Phase Shifting 20 Evasion (%) 69 Targeting Accuracy 36 Target Analysis 8 Core Analysis 8 Recoil Reduction 6 Kinecelleration 40 Offensive Hacking 20 Item Schematics ----------------- Lrn. Sensor Array | -7/Factory | Hacked Combat Drone Bay | -7/Data Miner | Free Lgt. Regenerative Plating | -7/Data Miner | Free Cmb. Gravmag System | -7/Data Miner | Free Assault Drone Bay | -4/Zhirov | Free Exp. Heat Sink | -4/Zhirov | Free Exp. Optical Array | -4/Zhirov | Free Imp. Arc Thrower | -4/Zhirov | Free Robot Schematics ------------------ S-27 Virus | -7/Data Miner | Free G-50 Soldier | -7/Data Miner | Free P-70 Sage | -7/Data Miner | Free I-36 Angel | -7/Data Miner | Free I-47 Archangel | -7/Data Miner | Free B-60 Warrior | -3/Testing | Z-intel R-10 Processor | -3/Testing | Z-intel B-74 Champion | -3/Testing | Z-intel Fabricated ------------ Lrn. Sensor Array | x1 | -5/Factory Assault Drone Bay | x1 | -3/Testing Alien Tech Used ----------------- Integrated Reactor Transdimensional Reconstructor Achievements -------------- None Challenges ------------ None Game ------ Seed SwordSmartbombElectrolaser Manual? 0 Play Time 05:28:14 Cumulative 172.1 hours Start 2020.06.27 @ 16:55:02 End 2020.06.28 @ 02:52:19 Sessions 3 Manual Loads 0 Difficulty Rogue Special Mode None Game No. 92 Rogue 90 Adventurer 1 Explorer 1 Win Type - Total 2 Types 2/0/0/0/0/0/0 Lore% 60 Gallery% 73 Achievement% 53 Wizard Run 0 Options --------- ASCII 0 Keyboard 1 Movement Numpad Keybinds 0 Fullscreen 2 Font 24/Terminus Map View 76x50 Tactical HUD 1 Map Filters NONE Filters NONE Steam 1 RUN: 5975f1d7-05b8-43d7-8721-7f46d1cceb7a